cohdb
Replays
Latest Replays
All Replays
Popular Replays
Top Player Replays
Match Explorer
How It Works
Community
CoH3 Stats
Reddit
Sign in to upload your games and track your stats! →
Sign in with Steam
Match 42201521
Unlisted
Match 42201521
Overview
Messages
Build Orders
End
Construct Section Command Post
Infantry Section
Dingo Light Scout Car
Selects Heavy Armor Battlegroup
Infantry Section
Grenade Package
Selects Rigorous Vehicle Training
Construct Platoon Command Post
Selects Light Vehicle Withdraw and Refit
6-pounder Anti-tank Gun Team
Construct Field Infirmary
CMP 15cwt Truck
Light Vehicle Training
Selects UNKNOWN (202330)
Infantry Section
Construct Company Command Post
Infantry Section
Crusader AA Medium Tank
Armored Vehicle Training
Selects Forward Repair Assembly
Unlock Bishop Self-propelled Artillery
Selects Recon Artillery
Recon Artillery
Particycles
BruinTzar
chiuchiu63333
Commandant Lassard
Blitzmensch
Easyjunjie
0
0
Comments
sign in to comment!
No comments posted yet!